 Dungeon Crawl Stone Soup version 0.30.0-29-ga12c61a403 (webtiles) character file.

Game seed: 2841862655251670972

76 jagang the Sneak (level 4, -2/27 HPs)
             Began as an Octopode Conjurer on June 7, 2023.
             Slain by a phantom (4 damage)
             ... on level 3 of the Dungeon.
             The game lasted 00:02:29 (1989 turns).

jagang the Sneak (Octopode Conjurer)                Turns: 1989, Time: 00:02:31

Health: -2/27      AC:  1    Str:  6    XL:     4   Next: 32%
Magic:  3/7        EV: 13    Int: 22    God:
Gold:   131        SH:  0    Dex: 10    Spells: 7/8 levels left

rFire   . . .        (no weapon)
rCold   . . .        (no shield)
rNeg    . . .        (helmet restricted)
rPois   .            (no amulet)
rElec   .            e - ring of resist corrosion
rCorr   +            (no ring)
SInv    .            (no ring)
Will    .....        (no ring)
Stlth   +++          (no ring)
HPRegen 0.24/turn    (no ring)
MPRegen 0.10/turn    (no ring)
                     (no ring)

%: no passive effects
@: no status effects
A: almost no armour, amphibious, 8 rings, camouflage 1, gelatinous body 1,
(nimble swimmer 1), tentacles
a: no special abilities


You were on level 3 of the Dungeon.
You visited 1 branch of the dungeon, and saw 3 of its levels.

You collected 131 gold pieces.

Inventory:

Jewellery
 e - a ring of resist corrosion (left tentacle)
Scrolls
 b - 2 scrolls of identify {unknown}
 d - 3 scrolls of vulnerability {unknown}
 f - a scroll of amnesia {unknown}
 i - a scroll of teleportation {unknown}
 j - a scroll of torment {unknown}
Potions
 a - a potion of magic
 c - 2 potions of curing {unknown}
 g - a potion of might {unknown}
 h - a potion of berserk rage {unknown}


   Skills:
 + Level 2.6 Dodging
 * Level 4.4 Stealth
 + Level 2.5 Spellcasting
 + Level 4.4 Conjurations


You had 7 spell levels left.
You knew the following spells:

 Your Spells              Type           Power      Damage    Failure   Level
a - Magic Dart            Conj           88%        1d7       2%          1

Your spell library contained the following spells:

 Spells                   Type           Power      Damage    Failure   Level
 Searing Ray              Conj           44%        2d6       3%          2
 Momentum Strike          Conj/Tloc      24%        3d8       9%          2
 Dazzling Flash           Conj/Hex       24%        N/A       16%         3
 Blink                    Tloc           4%         N/A       21%         2
 Lesser Beckoning         Tloc           4%         N/A       21%         2
 Fulminant Prism          Conj/Hex       6%         3d7       47%         4
 Iskenderun's Mystic Bla  Conj/Tloc      12%        2d5       47%         4


Dungeon Overview and Level Annotations

Branches:
Dungeon (3/15)

Altars:


Innate Abilities, Weirdness & Mutations

You cannot wear most types of armour.
You are amphibious.
You can wear up to eight rings at the same time.
Your skin changes colour to match your surroundings (Stealth+).
Your rubbery body absorbs attacks. (AC +1, EV +1)
((You are camouflaged when in or above water. (Stealth+)))
You have tentacles for arms and can constrict up to eight enemies at once.


Message History

The phantom hits you.
The phantom blinks!
You blink.
A jackal comes into view.
Found a faded altar of an unknown god.
You tentacle-slap the phantom but do no damage.
Your squeeze misses the phantom.
The phantom is moderately damaged.
The phantom closely misses you.
You tentacle-slap the phantom but do no damage.
The phantom is moderately damaged.
The phantom closely misses you.
You tentacle-slap the phantom but do no damage.
The phantom is moderately damaged.
The jackal barks!
A jackal comes into view.
The phantom hits you!
The phantom blinks!
You blink.
Found a whip.
The jackal moves out of view.
The magic dart hits the phantom.
The phantom is moderately damaged.
The phantom hits you.
The phantom blinks!
You blink.
You are too injured to fight recklessly!
You are too injured to fight recklessly!
You tentacle-slap the phantom but do no damage.
The phantom is moderately damaged.
The phantom hits you.
* * * LOW HITPOINT WARNING * * *
The phantom blinks!
You blink.
Found a glowing golden potion.
You tentacle-slap the phantom but do no damage.
Your squeeze misses the phantom.
The phantom is moderately damaged.
The phantom hits you.
* * * LOW HITPOINT WARNING * * *
Casting: Magic Dart (safe; 2% risk of failure)
Confirm with . or Enter, or press ? or * to list all spells.
Aiming: Magic Dart (safe; 2% risk of failure)
Press: ? - help, Shift-Dir - straight line, f/p - phantom
Aim: a phantom (moderately damaged, 100% to hit)
The magic dart hits the phantom.
The phantom is heavily damaged.
The phantom hits you.
You die...

..##.. .⌠. ...#.# # ...
...#(# #. ..#
.<.#.###.##.# ##
.........§§.# ..
..##.###.#..# .# ...
.#.. #..# .# . ...
.#.###.§#####.##...#
.....#......§.##@......#
.........###....W......#
...... #..............
.. .. +.#.......)....
####§###.......
........# ###.###
######### !# #


You could see a phantom.

Vanquished Creatures
  A gnoll (D:1)
  2 adders (D:2)
  7 ball pythons
  5 endoplasms (D:1)
  3 giant cockroaches (D:1)
  4 goblins
  7 hobgoblins
  4 quokkas
  4 bats
  3 frilled lizards
  A kobold (D:1)
  2 rats
43 creatures vanquished.

Notes
Turn   | Place    | Note
-------+----------+-------------------------------------------
     0 | D:1      | jagang the Octopode Conjurer began the quest for the Orb.
     0 | D:1      | Reached XP level 1. HP: 11/11 MP: 3/3
    98 | D:1      | Reached XP level 2. HP: 17/17 MP: 0/5
   563 | D:1      | Reached XP level 3. HP: 21/21 MP: 1/6
  1401 | D:2      | Reached XP level 4. HP: 27/27 MP: 3/7
  1979 | D:3      | Noticed a phantom
  1982 | D:3      | Found a faded altar of an unknown god.
  1989 | D:3      | Slain by a phantom

Illustrated notes

Levels and vault maps discovered:
D:1:      shiori_arrival_maze, layout_loops_ring
D:2:      layout_basic
D:3:      layout_basic, hellmonk_ecumenical_altar_dog_temple,
          chequers_serial_rivers_small_b

Skill      XL: |  1  2  3 |
---------------+----------+-----
Stealth        | 3 4 |  4.4
Dodging        | |  2.6
Spellcasting   | |  2.5
Conjurations   | |  4.4

Action                     |  1- 3 |  4- 6 || total
---------------------------+-------+-------++-------
  Melee: Unarmed           |    15 |     6 ||    21
         Tentacles         |     2 |       ||     2
         Constrict         |     2 |       ||     2
         Punch             |     1 |       ||     1
   Cast: Magic Dart        |    66 |    21 ||    87
 Armour: Skin              |     3 |       ||     3
  Dodge: Dodged            |     9 |     4 ||    13
